 Dungeon Crawl Stone Soup version 0.28-a0-199-g298df9dbad (webtiles) character file.

Game seed: 11005748164066066010

54 ZenoRockbell the Chopper (level 3, 0/29 HPs)
             Began as a Hill Orc Monk on Aug 19, 2021.
             Was a Priest of Hepliaklqana.
             Slain by an adder (2 damage)
             ... on level 2 of the Dungeon.
             The game lasted 00:06:25 (1605 turns).

ZenoRockbell the Chopper (Hill Orc Monk)            Turns: 1605, Time: 00:06:26

Health: 0/29       AC:  2    Str: 14    XL:     3   Next: 91%
Magic:  3/3        EV: 12    Int: 10    God:    Hepliaklqana [***...]
Gold:   49         SH:  0    Dex: 13    Spells: 2/2 levels left

rFire   . . .      SeeInvis .   a - +0 hand axe
rCold   . . .      Faith    .   (no shield)
rNeg    . . .      Spirit   .   b - +0 robe
rPois   .          Reflect  .   (no helmet)
rElec   .          Harm     .   (no cloak)
rCorr   +          Rampage  .   (no gloves)
Will    .....                   (no boots)
Stlth   ++........              (no amulet)
HPRegen 0.09/turn               d - ring of resist corrosion
MPRegen 0.08/turn               (no ring)

@: lethally poisoned (0 -> -9)
A: reduced essence
a: Renounce Religion, Recall Ancestor, Ancestor Identity, Transference


You were on level 2 of the Dungeon.
You worshipped Hepliaklqana.
Hepliaklqana was most pleased with you.
You visited 1 branch of the dungeon, and saw 2 of its levels.

You collected 49 gold pieces.

Inventory:

Hand Weapons
 a - a +0 hand axe (weapon)
Armour
 b - a +0 robe (worn)
Jewellery
 d - a ring of resist corrosion (left hand)
Scrolls
 e - a scroll of amnesia {unknown}
 f - a scroll of enchant weapon {unknown}
Potions
 c - 3 potions of ambrosia {unknown}
 g - a potion of brilliance {unknown}


   Skills:
 * Level 4.1 Fighting
 * Level 4.9 Axes
 * Level 0.8 Armour
 * Level 2.8 Dodging
 * Level 1.9 Stealth


You had 2 spell levels left.
You didn't know any spells.
Your spell library was empty.

Dungeon Overview and Level Annotations

Branches:
Dungeon (2/15)

Altars:
Hepliaklqana

Shops:
D:2 !


Message History

A giant cockroach comes into view.
You hit the giant cockroach.
You kill the giant cockroach!
g - a glowing silvery potion You swap places.
You swap places.
A bat comes into view.
Found an escape hatch in the ceiling.
The bat closely misses you.
You hit the bat.
The bat is severely wounded.
The bat hits you but does no damage. The bat closely misses you.
Duke Nukem hits the bat with a +0 flail!
The bat dies!
Found 13 sling bullets.
A bat comes into view.
An adder comes into view.
There is an escape hatch in the ceiling here.
The adder hisses angrily.
Found a mace.
The adder bites you.
You hit the adder but do no damage. The adder bites you.
You are poisoned.
The adder poisons you!
You barely miss the adder.
You feel sick. The adder bites you.
You are more poisoned.
The adder poisons you!
Duke Nukem misses the adder.
The adder barely misses you.
You closely miss the adder.
You feel very sick.
Duke Nukem misses the adder.
The adder bites you but does no damage.
You hit the adder but do no damage.
You feel sick. The adder bites you.
* * * LOW HITPOINT WARNING * * *
You are more poisoned.
The adder poisons you!
Duke Nukem closely misses the adder.
You hit the adder.
The adder is lightly wounded.
* * * LOW HITPOINT WARNING * * *
You feel very sick. The adder bites you.
You die...

#..#.######
#..#.## #.....#
#.##..# #.
#..######
.###.##<......#
...........##.#
.........#.#
.......@R..#
.###..(S...#
#............#
)..#.###.###..#
..b#. .. ..# ..
#. .#. .# .#.
## #


You could see the friendly Duke Nukem the knight and an adder (ally target).

Vanquished Creatures
  3 endoplasms
  3 giant cockroaches
  3 goblins
  A hobgoblin (D:2)
  3 jackals (D:1)
  A quokka (D:1)
  3 ball pythons (D:1)
  3 bats (D:1)
  4 frilled lizards
  2 kobolds (D:1)
  4 rats (D:1)
  2 bushes (D:1)
32 creatures vanquished.

Vanquished Creatures (collateral kills)
  2 adders (D:2)
  A bat (D:2)
  An endoplasm (D:2)
  A goblin (D:1)
  A ball python (D:2)
6 creatures vanquished.

Vanquished Creatures (others)
  2 fungi (D:1)
  8 plants (D:1)
10 creatures vanquished.

Grand Total: 48 creatures vanquished

Notes
Turn   | Place    | Note
-------+----------+-------------------------------------------
     0 | D:1      | ZenoRockbell the Hill Orc Monk began the quest for the Orb.
     0 | D:1      | Reached XP level 1. HP: 19/19 MP: 1/1
    69 | D:1      | Reached XP level 2. HP: 16/27 MP: 2/2
   913 | D:1      | Found a faded altar of an unknown god.
   949 | D:1      | Became a worshipper of Hepliaklqana the Forgotten
   949 | D:1      | Reached * piety under Hepliaklqana
   949 | D:1      | Reached ** piety under Hepliaklqana
   950 | D:1      | Remembered your ancestor Duke Nukem as a knight
  1192 | D:1      | Reached XP level 3. HP: 29/29 MP: 3/3
  1420 | D:2      | Found Ichoesol's Distillery.
  1531 | D:2      | Reached *** piety under Hepliaklqana
  1605 | D:2      | Slain by an adder

Illustrated notes

Levels and vault maps discovered:
D:1:      beargit_arrival_greenhouse, layout_basic,
          shapermc_ecumenical_altar_ellora, serial_forest,
          infiniplex_forest_fountain, infiniplex_forest_clump_diagonal,
          infiniplex_forest_clump_long, infiniplex_forest_lined_room_2,
          infiniplex_forest_straight_3, infiniplex_forest_diagonal,
          infiniplex_forest_straight_3, infiniplex_forest_clump_double
D:2:      layout_basic, serial_shops, shop_statue, uniq_natasha

Skill      XL: |  1  2 |
---------------+-------+-----
Fighting       | 4 |  4.1
Axes           | |  4.9
Armour         | |  0.8
Dodging        | |  2.8
Stealth        | |  1.9

Action                   || total
-------------------------++-------
Melee: Hand axe          ||   429
Invok: Ancestor Life: Kn ||     1
       Ancestor Identity ||     1
 Stab: Sleeping          ||     3
Armor: Robe              ||    25
Dodge: Dodged            ||    84

Table legend: (Time is in decaauts)
 A = Elapsed time spent in this place.
 B = Non-inter-level travel time spent in this place.
 C = Inter-level travel time spent in this place.
 D = Time resting spent in this place.
 E = Time spent auto-exploring this place.
 F = Levels seen in this place.
 G = Mean time per level.
                   A        B        C        D        E       F      G
               +--------+--------+--------+--------+--------+-----+--------+
         Total |   1640 |   1640 |      0 |      0 |      0 |   2 |  820.0 |
       Dungeon |   1640 |   1640 |      0 |      0 |      0 |   2 |  820.0 |
               +--------+--------+--------+--------+--------+-----+--------+

Top non-repeatable levels by time:
     D:1: 1299 daAuts
     D:2: 340 daAuts
